 Dungeon Crawl Stone Soup version 0.24.0-123-gd5b16e6ec5 (webtiles) character file.

Game seed: 11254030943698132940, levelgen mode: deterministic

13224 Elellon the Cleaver (level 11, -7/100 HPs)
             Began as a Deep Dwarf Fighter on Jan 3, 2020.
             Was a High Priest of Makhleb.
             Mangled by Rupert
             ... wielding a +5 great mace of protection
              (31 damage)
             ... on level 12 of the Dungeon.
             The game lasted 00:39:42 (8117 turns).

Elellon the Cleaver (Deep Dwarf Fighter)            Turns: 8117, Time: 00:39:45

Health: -7/100     AC: 14    Str: 22    XL:     11   Next: 72%
Magic:  9/9        EV: 14    Int: 10    God:    Makhleb [*****.]
Gold:   643        SH: 13    Dex: 15    Spells: 10/10 levels left

rFire    . . .     SeeInvis .   B - +2 war axe (flame)
rCold    + . .     Gourm    +   c - +1 shield
rNeg     . . .     Faith    .   S - +2 scale mail {rC+}
rPois    .         Spirit   .   v - +0 helmet
rElec    .         Reflect  .   P - +0 cloak
rCorr    .         Harm     .   J - +0 pair of gloves
MR       ++...                  (no boots)
Stlth    +.........             M - amulet of the gourmand
HPRegen  0.00/turn              Q - +3 ring of evasion
MPRegen  0.11/turn              X - ring of Zemywkez {MR+ EV+3 Dex+3 Stlth+}

@: non-regenerating
A: damage resistance, heal wounds, sense surroundings 2, no regeneration
a: Heal Wounds, Minor Destruction, Lesser Servant of Makhleb, Major Destruction,
Greater Servant of Makhleb, Renounce Religion


You were on level 12 of the Dungeon.
You worshipped Makhleb.
Makhleb was extremely pleased with you.
You were not hungry.

You visited 1 branch of the dungeon, and saw 13 of its levels.
You also visited: Ossuary.

You collected 643 gold pieces.

Inventory:

Hand Weapons
 u - a +5 whip of electrocution
 B - a +2 war axe of flaming (weapon)
Missiles
 j - 49 poisoned darts (quivered)
Armour
 c - a +1 shield (worn)
 v - a +0 helmet (worn)
 J - a +0 pair of gloves (worn)
 P - a +0 cloak (worn)
 S - a +2 scale mail of cold resistance (worn)
Jewellery
 s - a +2 ring of dexterity
 A - an uncursed amulet of the acrobat
 G - an uncursed ring of resist corrosion {unknown}
 M - an amulet of the gourmand (around neck)
 Q - a +3 ring of evasion (left hand)
 R - an uncursed ring of ice
 X - the ring of Zemywkez (right hand) {MR+ EV+3 Dex+3 Stlth+}
   (You took it off a kobold on level 11 of the Dungeon)

   [ring of evasion]

   It affects your evasion (+3).
   It affects your dexterity (+3).
   It affects your resistance to hostile enchantments.
   It makes you more stealthy.
Wands
 b - a wand of scattershot (8)
 t - a wand of polymorph (8)
 y - a wand of disintegration (15)
 O - a wand of acid (11)
 W - a wand of flame (16)
Scrolls
 a - a scroll of fear
 e - a scroll of blinking {unknown}
 i - 4 scrolls of magic mapping
 o - 5 scrolls of remove curse
 p - 2 scrolls of fog
 q - a scroll of immolation {unknown}
 r - 3 scrolls of amnesia {unknown}
 w - 3 scrolls of enchant armour
 x - 2 scrolls of acquirement {unknown}
 F - 5 scrolls of teleportation
 I - 2 scrolls of brand weapon
 T - a scroll of silence {unknown}
 U - a scroll of enchant weapon {unknown}
 V - a scroll of noise {unknown}
Potions
 d - 6 potions of might
 g - 3 potions of cancellation
 k - 5 potions of brilliance
 l - 2 potions of flight
 m - 6 potions of lignification
 n - a potion of agility
 z - 6 potions of curing
 C - 3 potions of haste
 D - 3 potions of berserk rage
 E - 4 potions of invisibility
 H - 2 potions of heal wounds
 K - a potion of mutation
 L - 2 potions of resistance
Comestibles
 f - 24 rations


   Skills:
 + Level 7.0 Fighting
 * Level 14.7 Axes
 - Level 0.3 Throwing
 + Level 8.9 Armour
 - Level 0.2 Dodging
 - Level 0.5 Stealth
 + Level 9.1 Shields


You had 10 spell levels left.
You didn't know any spells.
Your spell library contained the following spells:

 Spells                   Type           Power        Failure   Level  Hunger
 Beastly Appendage        Tmut           #.....       88%         1    ##.....
 Confusing Touch          Hex            #.....       88%         1    ##.....
 Sticks to Snakes         Tmut           #.......     95%         2    ###....
 Confuse                  Hex            #.......     99%         3    ####...
 Gell's Gravitas          Tloc           #.........   99%         3    ####...
 Spider Form              Tmut/Pois      #.........   99%         3    ####...
 Ice Form                 Ice/Tmut       #.......     100%        4    #####..
 Petrify                  Tmut/Erth      #.......     100%        4    #####..
 Blade Hands              Tmut           #.........   100%        5    ######.
 Metabolic Englaciation   Hex/Ice        #.........   100%        5    ######.
 Yara's Violent Unravell  Hex/Tmut       #.........   100%        5    ######.


Dungeon Overview and Level Annotations

Branches:
Dungeon (13/15) Temple (0/1) D:5 Lair (0/6) D:8 Vaults (0/5) D:12 D:13 Ossuary (visited) Orc: D:9-12

Altars:
Ashenzari
Cheibriados
Dithmenos
Elyvilon
Fedhas
Gozag
Kikubaaqudgha
Makhleb
Nemelex Xobeh
Okawaru
Sif Muna
Uskayaw
Vehumet
Wu Jian
Xom
The Shining One

Shops:
D:9 [

Annotations:
D:7 3 runed translucent doors, Destapler's ghost, novice DrBe
D:12 Rupert
D:13 Azrael; Nessos; Snorg; Urug


Innate Abilities, Weirdness & Mutations

You are resistant to damage.
You can heal yourself by infusing magical energy.
You passively map the area around you.
You do not regenerate.


Message History

You kill the human!
Makhleb accepts your kill.
You feel better.
You hit the human. You burn the human.
You kill the human!
Makhleb accepts your kill.
You slash the human! You burn the human. The human closely misses you.
You block Rupert's attack.
You slash Rupert! You burn Rupert.
Rupert is moderately wounded.
You hit the human but do no damage. You closely miss the human.
You block the human's attack. You block Rupert's attack.
The human hits you but does no damage.
You barely miss Rupert.
Rupert is moderately wounded.
You closely miss the human. You slash the human! You burn the human.
You kill the human!
Makhleb accepts your kill.
You feel better.
Rupert hits you with a +5 great mace of protection!!
You die...

#..# #..#..........#
#..#...#.. #..#
#..#..........#
#..#...#.. #..#
#..#..........#
#..#...#.. #..#
#..#..........#
#..#...#[. #..#
#..#..........#
#[.#...#.. #..#
#..#..........#
#..#...#.. #..#
#..#..........#
#..#...#..
#..###..#......@...#
#..#...#..
#.......#.....@p...#
#..#...#..
#..##...#....††....#
#.........
#..##...#..###.....#
#.........
#..##...#..# #.....#
#.##..[...
#..##...#..# #.....#
#.##.>....
#..##...#..# #.....#
#.##......
#..##......# #.....#
#.##......
###..##..##..#
#.....# #.##......
.....##..##..#
#.....# #.##......


You could see Rupert (berserk) and a human.

Vanquished Creatures
  A two-headed ogre (D:8)
  2 cyclopes
  An ugly thing (D:12)
  A gargoyle (D:11)
  A komodo dragon (D:8)
  2 meliai (D:12)
  A troll (D:12)
  A hornet (D:8)
  2 hippogriffs
  2 wraiths
  11 yaks
  A water elemental (D:11)
  5 humans (D:12)
  An acid dragon (D:12)
  A water moccasin (D:10)
  3 black bears
  4 orc warriors
  2 sky beasts
  An ice beast (D:10)
  A necrophage (D:9)
  3 phantoms
  4 ogres
  7 centaurs
  2 big kobolds
  2 crocodiles
  3 wyvern zombies
  9 bullfrogs
  8 scorpions
  9 wights
  4 killer bees (D:12)
  4 electric eels (D:11)
  2 howler monkeys (D:11)
  A crimson imp (D:10)
  3 centaur zombies
  4 jellies
  2 bullfrog zombies
  9 hounds
  10 orc priests
  2 bullfrog skeletons
  A gnoll shaman (D:8)
  14 orc wizards
  2 centaur skeletons
  2 iguanas
  12 worker ants
  A killer bee zombie (D:9)
  A hound zombie (D:8)
  3 mummies (Ossuary)
  Robin (D:3)
  A worker ant zombie (D:9)
  6 gnolls
  14 adders
  A shadow imp (D:7)
  5 oozes (D:8)
  An adder skeleton (D:6)
  An adder zombie (D:9)
  2 worms
  2 dart slugs
  5 leopard geckos
  41 orcs
  6 giant cockroaches
  16 goblins
  5 hobgoblins
  2 jackals (D:1)
  18 kobolds
  A quokka (D:11)
  A ball python (D:1)
  A ball python zombie (D:6)
  6 bats
  8 frilled lizards
  5 goblin zombies (Ossuary)
  6 hobgoblin zombies (Ossuary)
  3 kobold zombies (Ossuary)
  A leopard gecko skeleton (D:8)
  A leopard gecko zombie (D:5)
  2 quokka zombies
  4 rats
334 creatures vanquished.

Vanquished Creatures (others)
  A plant (D:8)
1 creature vanquished.

Grand Total: 335 creatures vanquished

Notes
Turn   | Place    | Note
-------+----------+-------------------------------------------
     0 | D:1      | Elellon the Deep Dwarf Fighter began the quest for the Orb.
     0 | D:1      | Reached XP level 1. HP: 20/20 MP: 1/1
   189 | D:1      | Reached XP level 2. HP: 24/27 MP: 2/2
   600 | D:2      | Reached skill level 3 in Axes
   646 | D:2      | Reached XP level 3. HP: 9/34 MP: 3/3
  1008 | D:2      | Reached XP level 4. HP: 5/42 MP: 4/4
  1110 | D:3      | Found a shadowy altar of Dithmenos.
  1114 | D:3      | Found an ornate altar of the Wu Jian Council.
  1121 | D:3      | Noticed Robin
  1122 | D:3      | Reached skill level 4 in Axes
  1133 | D:3      | Killed Robin
  1199 | D:3      | Reached XP level 5. HP: 38/49 MP: 5/5
  1222 | D:3      | Found a shimmering altar of Xom.
  1428 | D:3      | Found a burning altar of Makhleb.
  1622 | D:3      | Became a worshipper of Makhleb the Destroyer
  1744 | D:4      | Noticed a centaur
  1747 | D:4      | Killed a centaur
  1747 | D:4      | Reached skill level 5 in Armour
  1747 | D:4      | Reached XP level 6. HP: 43/56 MP: 6/6
  1995 | D:4      | Found a sand-covered staircase.
  2003 | Ossuary  | Entered an ossuary
  2003 | Ossuary  | Noticed a wraith
  2003 | Ossuary  | Noticed a wraith
  2003 | Ossuary  | Noticed a wraith
  2209 | Ossuary  | Noticed a wraith
  2215 | Ossuary  | Killed a wraith
  2215 | Ossuary  | Reached skill level 5 in Shields
  2215 | Ossuary  | Reached XP level 7. HP: 45/64 MP: 7/7
  2592 | D:5      | Entered Level 5 of the Dungeon
  2643 | D:5      | Found a staircase to the Ecumenical Temple.
  2665 | D:5      | Reached * piety under Makhleb
  2705 | D:5      | Found a hide-covered altar of Uskayaw.
  2787 | D:5      | Reached skill level 5 in Axes
  2856 | D:5      | Found a white marble altar of Elyvilon.
  2904 | D:5      | Reached XP level 8. HP: 50/73 MP: 2/8
  3118 | D:5      | Found a shimmering blue altar of Sif Muna.
  3339 | D:6      | Found a snail-covered altar of Cheibriados.
  3489 | D:6      | Reached skill level 6 in Axes
  3601 | D:6      | Found an opulent altar of Gozag.
  3906 | D:6      | Found a glowing golden altar of the Shining One.
  4048 | D:6      | Reached skill level 7 in Axes
  4114 | D:7      | Reached ** piety under Makhleb
  4349 | D:7      | Reached skill level 5 in Fighting
  4349 | D:7      | Reached skill level 8 in Axes
  4366 | D:7      | Gained mutation: You passively map the area around you.
                  | [Deep Dwarf growth]
  4366 | D:7      | Reached XP level 9. HP: 58/81 MP: 3/9
  4426 | D:7      | Found a shadowy altar of Dithmenos.
  4475 | D:7      | Found a runed translucent gate.
  4476 | D:7      | Found a runed translucent gate.
  4476 | D:7      | Found a runed translucent gate.
  4478 | D:7      | Noticed Destapler's ghost (novice DrBe)
  4633 | D:7      | Found a shattered altar of Ashenzari.
  4745 | D:8      | Reached skill level 9 in Axes
  4816 | D:8      | Found a radiant altar of Vehumet.
  4854 | D:8      | Noticed a two-headed ogre
  4868 | D:8      | Killed a two-headed ogre
  4868 | D:8      | Reached skill level 10 in Axes
  5021 | D:8      | Reached *** piety under Makhleb
  5048 | D:8      | Reached XP level 10. HP: 81/91 MP: 3/9
  5060 | D:8      | Reached skill level 11 in Axes
  5158 | D:8      | Found a staircase to the Lair.
  5275 | D:8      | Found a sparkling altar of Nemelex Xobeh.
  5617 | D:9      | Found an iron altar of Okawaru.
  5807 | D:9      | Reached skill level 12 in Axes
  5839 | D:9      | Found an ancient bone altar of Kikubaaqudgha.
  6200 | D:9      | Found Xibesa Ipe's Antique Armour Shop.
  6215 | D:9      | Found a blossoming altar of Fedhas.
  6271 | D:9      | Reached **** piety under Makhleb
  6302 | D:10     | Entered Level 10 of the Dungeon
  6852 | D:11     | Identified the ring of Zemywkez {MR+ EV+3 Dex+3 Stlth+}
  6909 | D:11     | Noticed a cyclops
  6918 | D:11     | Reached skill level 13 in Axes
  6927 | D:11     | Reached XP level 11. HP: 99/99 MP: 3/9
  7226 | D:11     | Reached ***** piety under Makhleb
  7355 | D:11     | Found a burning altar of Makhleb.
  7583 | D:12     | Noticed a green ugly thing
  7607 | D:12     | Killed a green ugly thing
  7607 | D:12     | Reached skill level 14 in Axes
  8041 | D:13     | Found a gate to the Vaults.
  8041 | D:13     | Noticed Rupert
  8041 | D:13     | Noticed Nessos
  8041 | D:13     | Noticed Urug
  8041 | D:13     | Noticed a centaur warrior
  8065 | D:13     | Noticed Snorg
  8066 | D:13     | Noticed Azrael
  8114 | D:12     | HP: 5/100 [Rupert/+5 great mace of protection (20)]
  8117 | D:12     | Mangled by Rupert

Levels and vault maps discovered:
D:1:      dpeg_arrival_orchard, layout_loops_ring
D:2:      layout_basic, first_ration
D:3:      layout_rooms, overflow_temple_1_default, makhleb_blood_cavern_becter,
          nicolae_overflow_hidden_temple, serial_bayou_lagoon_a, tgw_xom,
          uniq_robin
D:4:      cheibrodos_quashed, layout_basic, nicolae_ossuary_entry_plus,
          minmay_between
D:5:      layout_cave_pools, lemuel_crystal_altar, lemuel_crystal_altar,
          temple_pool_b, minivault_26, led_sif_pool
D:6:      layout_loops_corners, nicolae_gozag_seed_capital, cheibriados_altar_1,
          marbit_many_paths
D:7:      layout_cave_pools, lemuel_coloured_pillars_altar,
          gammafunk_ghost_necromancy, basic_altar
D:8:      layout_basic, vehumet_crystals, overflow_temple_1_default,
          david_lair_shrubbed, hangedman_little_slice_of_home,
          skrybe_limestone_x, chequers_arboretum
D:9:      layout_rooms, nicolae_overflow_crystal_walls,
          okawaru_ov_weapons_minmay, basic_altar, serial_undead,
          serial_undead_a, serial_undead_f, serial_undead_b, serial_undead_d,
          serial_shops, shop_fountains
D:10:     layout_roguey
D:11:     layout_roguey, erik_orc_2, basic_altar
D:12:     layout_long_grid
D:13:     layout_rooms, david_vaults_3, kennysheep_generic_room_16, uniq_sonja,
          uniq_azrael, uniq_frances, uniq_urug, uniq_snorg

Skill      XL: |  1  2  3  4  5  6  7  8  9 10 11 |
---------------+----------------------------------+-----
Axes           | 3 4 5 8 10 13 14 | 14.7
Fighting       | 3 4 5 6 7 |  7.0
Armour         | 4 5 6 7 8 |  8.9
Shields        | 4 5 6 7 8 9 |  9.1
Throwing       | |  0.3
Dodging        | |  0.2
Stealth        | |  0.5

Action                   |  1- 3 |  4- 6 |  7- 9 | 10-12 || total
-------------------------+-------+-------+-------+-------++-------
Melee: War axe           |   123 |    34 |   377 |   607 ||  1141
       Whip              |       |   108 |     6 |       ||   114
Throw: Dart              |    19 |       |     5 |    26 ||    50
 Abil: Heal Wounds       |     1 |     3 |     7 |     5 ||    16
  Use: Scroll            |       |       |    11 |    17 ||    28
       Potion            |       |       |       |     1 ||     1
  Eat: Chunk             |     1 |     4 |    10 |    15 ||    30
Armor: Scale mail        |    43 |    57 |   101 |    58 ||   259
       Plate armour      |       |       |    84 |   148 ||   232
Dodge: Dodged            |    39 |    38 |   100 |   170 ||   347
Block: Shield            |    59 |    79 |   195 |   319 ||   652
